 Dungeon Crawl Stone Soup version 0.31-a0-859-g9dce7d3444 (webtiles) character file.

Game seed: 16046052218920727086

2 Kurtz the Sneak (level 1, -8/21 HPs)
             Began as a Naga Delver on Oct 9, 2023.
             Mangled by an iguana (10 damage)
             ... on level 4 of the Dungeon.
             The game lasted 00:00:28 (65 turns).

Kurtz the Sneak (Naga Delver)                         Turns: 65, Time: 00:00:29

Health: -8/21      AC:  1    Str: 14    XL:     1   Next: 40%
Magic:  1/1        EV:  9    Int: 10    God:
Gold:   27         SH:  0    Dex: 12    Spells: 0/0 levels left

rFire   . . .        a - +0 hand axe
rCold   . . .        (no shield)
rNeg    . . .        b - +0 leather armour
rPois   +            (no helmet)
rElec   .            (no cloak)
rCorr   .            (no gloves)
SInv    +            (no barding)
Will    .....        (no amulet)
Stlth   +++          (no ring)
HPRegen 0.23/turn    (no ring)
MPRegen 0.07/turn

%: no passive effects
@: short of breath, very slow
A: AC +0, large, see invisible, deformed body, poison resistance, slowness 2,
spit poison 1, naga tail 1
a: Spit Poison


You were on level 4 of the Dungeon.
You visited 1 branch of the dungeon, and saw 2 of its levels.

You collected 27 gold pieces.

Inventory:

Hand Weapons
 a - a +0 hand axe (weapon)
Armour
 b - a +0 leather armour (worn)
Wands
 g - a wand of digging (3)
Scrolls
 c - a scroll of fog
 d - a scroll of revelation
 e - a scroll of fear
Potions
 f - a potion of haste


   Skills:
 - Level 3.0 Fighting
 * Level 2.2 Axes
 - Level 1.5 Dodging
 - Level 7.2 Stealth


You couldn't memorise any spells.
You didn't know any spells.
Your spell library was empty.

Dungeon Overview and Level Annotations

Branches:
Dungeon (5/15)
 Temple: D:4-7

Altars:
Uskayaw

Annotations:
D:4 exclusion: jelly


Innate Abilities, Weirdness & Mutations

Your serpentine skin is tough. (AC +0)
You have supernaturally acute eyesight. (SInv)
Armour fits poorly on your strangely shaped body.
Your system is resistant to poisons. (rPois)
You cover ground very slowly.
You can spit poison.
You have a snake-like lower body.


Message History

Found a hide-covered altar of Uskayaw.
A ball python comes into view.
There is a hide-covered altar of Uskayaw here.
An iguana comes into view.
The iguana hisses angrily.
Aiming: Spit Poison (3% risk of failure)
Press: ? - help, Shift-Dir - straight line, f - iguana
Aim: an iguana (59% to hit)
You fail to use your ability.
Unknown command.
Okay, then.
Aiming: Spit Poison (3% risk of failure)
Press: ? - help, Shift-Dir - straight line, f/p - iguana
Aim: an iguana (59% to hit)
You fail to use your ability.
Unknown command.
Aiming: Spit Poison (3% risk of failure)
Press: ? - help, Shift-Dir - straight line, f/p - iguana
Aim: an iguana (59% to hit)
The splash of poison hits the iguana.
The iguana is moderately wounded.
Unknown command.
The iguana attacks as it pursues you! The iguana closely misses you.
The iguana bites you!
You have got your breath back.
Aiming: Spit Poison (3% risk of failure)
Press: ? - help, Shift-Dir - straight line, f/p - iguana
Aim: an iguana (moderately wounded, 59% to hit)
The splash of poison hits the iguana.
The iguana is heavily wounded.
The iguana closely misses you.
Unknown command.
The iguana attacks as it pursues you! The iguana barely misses you.
The iguana bites you!
Ouch! That really hurt!
* * * LOW HITPOINT WARNING * * *
You hit the iguana.
The iguana is severely wounded.
The iguana bites you!
You die...

####### . #.....#######
S...#.#.........####
#.......8.8.@l...#
###............#.# #.
#.#.8.....8....####
#......#.........._....#
.....###.8.....8....#..#
##...>..........#.#..#
#.......8.8......#....
#..#..........####......
#J.###.######...
.........


You could see an iguana.

Vanquished Creatures
  A dart slug (D:5)
1 creature vanquished.

Notes
Turn   | Place    | Note
-------+----------+-------------------------------------------
     0 | D:5      | Kurtz the Naga Delver began the quest for the Orb.
     0 | D:5      | Reached XP level 1. HP: 21/21 MP: 1/1
    24 | D:4      | Noticed a jelly
    28 | D:4      | Found a hide-covered altar of Uskayaw.
    51 | D:4      | Noticed an iguana
    64 | D:4      | HP: 1/21 [iguana (12)]
    65 | D:4      | Mangled by an iguana

Illustrated notes

Levels and vault maps discovered:
D:4:      layout_basic, nicolae_uskayaw_dance_hall, hangedman_decor_growths,
          minmay_splitting_lines
D:5:      layout_cave_pools, minmay_temple_entry_offerings, serial_column_ruins,
          column_ruins_hut_ruined, column_ruins_hut, column_ruins_open_small,
          column_ruins_open_small, column_ruins_open_tiny,
          column_ruins_open_small_water, column_ruins_open_medium,
          column_ruins_grid_1, chequers_big_river, nicolae_tricolors, uniq_pikel

Action                     || total
---------------------------++-------
  Melee: Hand axe          ||     5
Ability: Spit Poison       ||     2
 Armour: Leather armour    ||     5
  Dodge: Dodged            ||     5

Table legend: (Time is in decaauts)
 A = Elapsed time spent in this place.
 B = Non-inter-level travel time spent in this place.
 C = Inter-level travel time spent in this place.
 D = Time resting spent in this place.
 E = Time spent auto-exploring this place.
 F = Levels seen in this place.
 G = Mean time per level.
                   A        B        C        D        E       F      G
               +--------+--------+--------+--------+--------+-----+--------+
         Total |     86 |     84 |      2 |      0 |     21 |   2 |   43.0 |
       Dungeon |     86 |     84 |      2 |      0 |     21 |   2 |   43.0 |
               +--------+--------+--------+--------+--------+-----+--------+

Top non-repeatable levels by time:
     D:4: 55 daAuts
     D:5: 31 daAuts
